 Dungeon Crawl Stone Soup version 0.31-a0-590-g8a5a4361df (webtiles) character file.

Game seed: 11948691155124256365

437 thirtiethelement the Firebug (level 6, -4/47 HPs)
             Began as a Demonspawn Cinder Acolyte on Aug 20, 2023.
             Was a High Priest of Ignis.
             Killed by divine providence
             ... invoked by an orc priest
              (13 damage)
             ... on level 5 of the Dungeon.
             The game lasted 00:10:23 (3923 turns).

thirtiethelement the Firebug (DsCA)                 Turns: 3923, Time: 00:10:24

Health: -4/47      AC: 12    Str: 14    XL:     6   Next: 69%
Magic:  0/10       EV: 11    Int: 18    God:    Ignis [*****.]
Gold:   91         SH:  0    Dex:  8    Spells: 5/11 levels left

rFire   + . .        a - -1 falchion (flame)
rCold   . . .        (no shield)
rNeg    . . .        m - +0 leather armour
rPois   .            e - +0 helmet
rElec   .            (no cloak)
rCorr   .            (no gloves)
SInv    .            (no boots)
Will    .....        (no amulet)
Stlth   +            s - +4 ring of protection
HPRegen 0.27/turn    p - +4 ring of protection
MPRegen 0.12/turn

%: no passive effects
@: about to teleport
A: claws 2
a: Renounce Religion, Fiery Armour, Foxfire Swarm, Rising Flame


You were on level 5 of the Dungeon.
You worshipped Ignis.
Ignis was extremely pleased with you.
You visited 1 branch of the dungeon, and saw 5 of its levels.

You collected 187 gold pieces.
You spent 96 gold pieces at shops.

Inventory:

Hand Weapons
 a - a -1 falchion of flaming (weapon)
 u - a +2 dagger of protection
Missiles
 b - 8 boomerangs (quivered)
 x - 6 javelins
Armour
 e - a +0 helmet (worn)
 m - a +0 leather armour (worn)
Jewellery
 p - a +4 ring of protection (right claw)
 s - a +4 ring of protection (left claw)
Wands
 t - a wand of flame (17)
Scrolls
 c - a scroll of summoning {unknown}
 d - a scroll of fog {unknown}
 g - a scroll of noise {unknown}
 h - 3 scrolls of vulnerability
 i - a scroll of poison
 n - a scroll of enchant armour {unknown}
 o - a scroll of amnesia {unknown}
 r - 2 scrolls of identify {unknown}
 v - a scroll of silence {unknown}
Potions
 f - a potion of enlightenment {unknown}
 k - 3 potions of curing
 q - a potion of brilliance {unknown}
 w - a potion of lignification {unknown}
 z - a potion of mutation {unknown}


   Skills:
 + Level 3.5 Fighting
 + Level 3.7 Long Blades
 + Level 1.6 Throwing
 + Level 1.2 Armour
 + Level 0.9 Dodging
 + Level 0.6 Stealth
 + Level 3.0 Spellcasting
 + Level 4.4 Fire Magic


You had 5 spell levels left.
You knew the following spells:

 Your Spells              Type           Power      Damage    Failure   Level
a - Scorch                Fire           36%        2d6       4%          2
b - Flame Wave            Conj/Fire      10%        2d6       63%         4

Your spell library contained the following spells:

 Spells                   Type           Power      Damage    Failure   Level
 Inner Flame              Hex/Fire       10%        N/A       24%         3
 Sticky Flame             Conj/Fire      10%        2d3       63%         4
 Animate Dead             Necr           2%         N/A       89%         4
 Borgnjor's Vile Clutch   Necr/Erth      1%         N/A       99%         5
 Death Channel            Necr           1%         N/A       100%        6


Dungeon Overview and Level Annotations

Branches:
Dungeon (5/15)
 Temple: D:4-7

Altars:

Shops:
D:2 !


Innate Abilities, Weirdness & Mutations

You have very sharp fingernails.


Message History

The orc wizard casts a spell at you.
You are more confused.
You hit the orc priest but do no damage.
The orc priest is severely wounded.
The orc wizard hits you with a +0 dagger.
The orc priest hits you but does no damage.
You closely miss the orc priest.
The orc priest is severely wounded.
The orc wizard closely misses you.
The orc priest invokes the aid of Beogh against you.
Beogh smites you!
You're too confused to move!
The orc wizard hits you but does no damage.
The orc priest hits you with a +1 heavy falchion!
* * * LOW HITPOINT WARNING * * *
The orc wizard attacks as you move away!
The orc wizard hits you but does no damage.
The orc wizard gestures at you while chanting.
You are more confused.
You bump into the rock wall.
The orc wizard hits you with a +0 dagger.
* * * LOW HITPOINT WARNING * * *
You feel better.
You feel your willpower return.
The orc priest looks satisfied for a moment.
The orc wizard closely misses you.
Casting: Scorch (safe; 4% risk of failure)
Confirm with . or Enter, or press ? or * to list all spells.
Flames lash the orc priest but do no damage.
The orc wizard hits you with a +0 dagger.
* * * LOW HITPOINT WARNING * * *
As you read the scroll of teleportation, it crumbles to dust.
You feel strangely unstable.
The orc wizard hits you with a +0 dagger.
* * * LOW HITPOINT WARNING * * *
The orc wizard attacks as you move away!
The orc wizard closely misses you.
The orc priest mumbles some strange prayers to Beogh against you.
Beogh smites you!
You die...

#.#################
.......@.oo.)......
#.##########)###...
... .### .# .# P.
P#


You could see an orc priest and an orc wizard.

Vanquished Creatures
  2 black bears
  A scorpion (D:3)
  A hound (D:4)
  7 adders
  3 worms
  2 dart slugs (D:2)
  3 orcs
  4 ball pythons
  12 endoplasms
  3 giant cockroaches
  4 goblins
  5 hobgoblins
  10 jackals
  12 kobolds
  4 quokkas
  7 bats
  A frilled lizard (D:1)
  7 rats
88 creatures vanquished.

Notes
Turn   | Place    | Note
-------+----------+-------------------------------------------
     0 | D:1      | thirtiethelement the Demonspawn Cinder Acolyte began the
                  | quest for the Orb.
     0 | D:1      | Reached XP level 1. HP: 18/18 MP: 2/2
   223 | D:1      | Gained mutation: You have sharp fingernails. [demonic
                  | ancestry]
   223 | D:1      | Reached XP level 2. HP: 23/24 MP: 3/3
   226 | D:1      | Learned a level 2 spell: Scorch
   367 | D:1      | Reached skill level 3 in Fire Magic
   402 | D:1      | You fall into a shaft and drop 1 floor!
   650 | D:1      | Gained mutation: You have very sharp fingernails. [demonic
                  | ancestry]
   650 | D:1      | Reached XP level 3. HP: 20/29 MP: 1/4
  1176 | D:2      | Found Apsyh's Distillery.
  1223 | D:2      | Bought a potion of curing for 36 gold pieces
  1223 | D:2      | Bought a potion of heal wounds for 60 gold pieces
  1390 | D:2      | Reached XP level 4. HP: 35/35 MP: 1/6
  2834 | D:4      | Noticed a scorpion
  2835 | D:4      | Noticed a black bear
  2850 | D:3      | Killed a scorpion
  2851 | D:3      | Reached skill level 1 in Throwing
  2851 | D:3      | Reached XP level 5. HP: 28/41 MP: 0/8
  2930 | D:3      | Killed a black bear
  2931 | D:3      | Reached skill level 4 in Fire Magic
  2931 | D:3      | Reached XP level 6. HP: 43/47 MP: 0/10
  3331 | D:4      | Reached skill level 1 in Armour
  3512 | D:4      | Learned a level 4 spell: Flame Wave
  3866 | D:5      | Entered Level 5 of the Dungeon
  3923 | D:5      | Killed from afar by an orc priest

Illustrated notes

Levels and vault maps discovered:
D:1:      lemuel_arrival_room, layout_basic, nicolae_titane
D:2:      layout_basic, serial_shops, shop, minmay_heptomino_d4
D:3:      layout_rooms
D:4:      layout_basic
D:5:      wad_woods_stonehenge, layout_loops_ring

Skill      XL: |  1  2  3  4  5  6 |
---------------+-------------------+-----
Fire Magic     | 3 4 |  4.4
Long Blades    | 3 |  3.7
Throwing       | 1 |  1.6
Spellcasting   | 2 3 |  3.0
Armour         | 1 |  1.2
Fighting       | |  3.5
Dodging        | |  0.9
Stealth        | |  0.6

Action                     |  1- 3 |  4- 6 || total
---------------------------+-------+-------++-------
  Melee: Falchion          |   112 |    65 ||   177
  Throw: Boomerang         |       |    44 ||    44
   Cast: Scorch            |    19 |    62 ||    81
    Use: Scroll            |       |     4 ||     4
         Potion            |       |     3 ||     3
 Armour: Robe              |    35 |     1 ||    36
         Leather armour    |       |    50 ||    50
  Dodge: Dodged            |    80 |    56 ||   136

Table legend: (Time is in decaauts)
 A = Elapsed time spent in this place.
 B = Non-inter-level travel time spent in this place.
 C = Inter-level travel time spent in this place.
 D = Time resting spent in this place.
 E = Time spent auto-exploring this place.
 F = Levels seen in this place.
 G = Mean time per level.
                   A        B        C        D        E       F      G
               +--------+--------+--------+--------+--------+-----+--------+
         Total |   3958 |   3868 |     90 |    189 |   3021 |   5 |  791.6 |
       Dungeon |   3958 |   3868 |     90 |    189 |   3021 |   5 |  791.6 |
               +--------+--------+--------+--------+--------+-----+--------+

Top non-repeatable levels by time:
     D:1: 1122 daAuts
     D:2: 1029 daAuts
     D:3: 878 daAuts
     D:4: 868 daAuts
     D:5: 59 daAuts
